 Dungeon Crawl Stone Soup version 0.28-a0-1234-g826d19b2e0 (webtiles) character file.

Game seed: 5579061406231846572

5400 ragingrage the Fighter (level 10, -1/110 HPs)
             Began as an Ogre Fire Elementalist on Dec 23, 2021.
             Slain by an orc warrior (10 damage)
             ... on level 7 of the Dungeon.
             The game lasted 00:13:15 (12428 turns).

ragingrage the Fighter (Ogre Fire Elementalist)    Turns: 12428, Time: 00:13:16

Health: -1/110     AC:  9    Str: 14    XL:     10   Next: 66%
Magic:  3/22       EV: 13    Int: 20    God:
Gold:   436        SH:  0    Dex:  9    Spells: 16/26 levels left

rFire   . . .      SeeInvis +   v - +3 spear (venom)
rCold   + . .      Faith    .   (no shield)
rNeg    . . .      Spirit   .   x - +5 robe of Night {Dark Will+ SInv}
rPois   .          Reflect  .   (helmet restricted)
rElec   .          Harm     .   h - +0 cloak
rCorr   .          Rampage  .   (gloves unavailable)
Will    ++...                   (boots unavailable)
Stlth   +.........              (no amulet)
HPRegen 0.28/turn               b - +4 ring of evasion
MPRegen 0.18/turn               p - ring of protection from cold

@: no status effects
A: large, unfitting armour, tough skin 1
a: no special abilities


You were on level 7 of the Dungeon.
You visited 2 branches of the dungeon, and saw 9 of its levels.

You collected 436 gold pieces.

Inventory:

Hand Weapons
 n - a +2 mace of holy wrath
 v - a +3 spear of venom (weapon)
Missiles
 r - 33 poisoned darts
 y - a throwing net
 A - 2 curare-tipped darts
Armour
 h - a +0 cloak (worn)
 x - the +5 robe of Night (worn) {Dark Will+ SInv}
   (You found it on level 6 of the Dungeon)

   It shrouds the wearer in darkness, reducing the range at which they can see
   and be seen by others.
   SInv:      It lets you see invisible.
   Will:      It increases your willpower.
Jewellery
 b - a +4 ring of evasion (left hand)
 p - a ring of protection from cold (right hand)
Wands
 a - a wand of polymorph (13)
 B - a wand of paralysis (8)
Scrolls
 d - 4 scrolls of identify
 e - a scroll of noise
 f - 4 scrolls of silence
 g - a scroll of fog
 j - 3 scrolls of teleportation
 m - a scroll of enchant weapon
 q - a scroll of blinking
 t - a scroll of magic mapping {unknown}
 z - a scroll of vulnerability {unknown}
Potions
 c - 2 potions of heal wounds {unknown}
 i - a potion of lignification {unknown}
 k - 2 potions of brilliance {unknown}
 l - a potion of berserk rage {unknown}
 o - a potion of flight {unknown}
 s - a potion of magic {unknown}
 u - a potion of ambrosia {unknown}
 w - a potion of curing {unknown}


   Skills:
 + Level 10.1 Fighting
 - Level 1.7 Dodging
 - Level 1.4 Stealth
 + Level 8.9 Spellcasting
 + Level 7.1 Conjurations
 + Level 7.6 Fire Magic


You had 16 spell levels left.
You knew the following spells:

 Your Spells              Type           Power      Damage    Failure   Level
a - Foxfire               Conj/Fire      100%       2x1d9     1%          1
b - Scorch                Fire           78%        2d8       1%          2
c - Conjure Flame         Conj/Fire      38%        6-21      1%          3
d - Flame Wave            Conj/Fire      38%        2d7       3%          4

Your spell library contained the following spells:

 Spells                   Type           Power      Damage    Failure   Level
 Sticky Flame             Conj/Fire      38%        2d6       3%          4
 Inner Flame              Hex/Fire       24%        N/A       4%          3
 Ignite Poison            Fire/Tmut/Pois 19%        N/A       9%          3
 Hailstorm                Conj/Ice       23%        3d7       19%         4
 Ice Form                 Ice/Tmut       8%         N/A       61%         4
 Dispersal                Tloc           4%         N/A       100%        6
 Simulacrum               Ice/Necr       4%         N/A       100%        6
 Disjunction              Tloc           4%         N/A       100%        8


Dungeon Overview and Level Annotations

Branches:
Dungeon (8/15)             Temple (1/1) D:7
   Lair: D:8-11

Altars:
Ashenzari
Cheibriados
Dithmenos
Elyvilon
Fedhas
Gozag
Hepliaklqana
Kikubaaqudgha
Makhleb
Nemelex Xobeh
Okawaru
Qazlal
Ru
Sif Muna
Trog
Uskayaw
Vehumet
Wu Jian
Xom
Yredelemnul
Zin
The Shining One

Annotations:
D:4 exclusion: 2 downstairs


Innate Abilities, Weirdness & Mutations

You are too large for most types of armour.
You have tough skin. (AC +1)


Message History

You hit the orc wizard but do no damage.
The orc wizard is poisoned.
The orc wizard is severely wounded.
The orc warrior hits you with a +3 flail!!
* * * LOW HITPOINT WARNING * * *
The orc wizard closely misses you.
The orc warrior hits you with a +3 flail!
* * * LOW HITPOINT WARNING * * *
The orc warrior looks more healthy.
You closely miss the orc warrior.
The orc warrior is almost dead.
The orc wizard gestures at you while chanting.
The magic dart hits you.
* * * LOW HITPOINT WARNING * * *
The orc warrior hits you with a +3 flail.
* * * LOW HITPOINT WARNING * * *
The orc warrior hits you with a +3 flail!
* * * LOW HITPOINT WARNING * * *
Okay, then.
Okay, then.
Casting: Flame Wave (mildly dangerous; 3% risk of failure)
Confirm with . or Enter, or press ? or * to list all spells.
Flames lash the orc wizard.
You kill the orc wizard!
The orc warrior hits you but does no damage.
Casting: Scorch (safe; 1% risk of failure)
Confirm with . or Enter, or press ? or * to list all spells.
Flames lash the orc warrior.
The orc warrior is almost dead.
The orc warrior's fire resistance burns away.
The orc warrior closely misses you.
Casting: Scorch (safe; 1% risk of failure)
Confirm with . or Enter, or press ? or * to list all spells.
You don't have enough magic to cast this spell.
You closely miss the orc warrior.
The orc warrior is almost dead.
The orc warrior closely misses you.
The orc warrior is no longer more vulnerable to fire.
The orc warrior hits you with a +3 flail!
You die...

### #.## ### ###..## ..#
#####.....# ..## ##...##....####
...#####.....#..o.#.)#
.....##.(....#..@....####
...#####...###........#.##
....####...###...........##
.......§.....##.......)...#
..#....§......##.........######
..##...§####............#.#...##
.....##..##..)[.............>..##
......#..#.#............>.###....
...........................#.....


You could see an orc warrior.

Vanquished Creatures
  Joseph (D:7)
  A gargoyle (D:8)
  A troll (D:8)
  A hornet (D:8)
  A basilisk (D:7)
  A steam dragon (D:8)
  2 water moccasins
  A sky beast (D:5)
  2 black bears
  An orc warrior (D:8)
  2 ice beasts
  5 wolves
  4 ogres
  3 centaurs (D:5)
  2 kobold brigands (D:7)
  6 gnoll sergeants
  2 scorpions
  A water moccasin skeleton (D:6)
  A howler monkey (D:6)
  3 electric eels (D:8)
  A centaur zombie (D:6)
  3 gnoll shamans
  3 jellies
  2 bullfrog skeletons (D:6)
  A centaur skeleton (D:7)
  11 hounds
  4 orc priests (D:8)
  Natasha (twice) (D:4)
  Terence (D:3)
  An iguana (D:5)
  7 orc wizards
  A hound skeleton (D:4)
  A howler monkey skeleton (D:6)
  7 adders
  34 gnolls
  2 shadow imps
  2 white imps
  An ufetubus (D:5)
  An adder skeleton (D:5)
  2 dart slugs (D:1)
  15 orcs
  An endoplasm (D:1)
  12 giant cockroaches
  5 goblins
  4 hobgoblins
  6 jackals
  9 kobolds
  5 quokkas
  6 ball pythons
  2 bats
  5 frilled lizards
  4 rats
202 creatures vanquished.

Vanquished Creatures (collateral kills)
  5 foxfires (D:7)
5 creatures vanquished.

Vanquished Creatures (others)
  884 foxfires
  2 plants (D:7)
886 creatures vanquished.

Grand Total: 1093 creatures vanquished

Notes
Turn   | Place    | Note
-------+----------+-------------------------------------------
     0 | D:1      | ragingrage the Ogre Fire Elementalist began the quest for
                  | the Orb.
     0 | D:1      | Reached XP level 1. HP: 16/16 MP: 3/3
   189 | D:1      | Reached skill level 1 in Conjurations
   646 | D:1      | Found a faded altar of an unknown god.
   677 | D:1      | Reached skill level 1 in Fighting
   677 | D:1      | Reached XP level 2. HP: 17/27 MP: 0/5
  1816 | D:2      | Reached XP level 3. HP: 33/33 MP: 0/7
  2038 | D:2      | You fall into a shaft and drop 2 floors!
  2074 | D:3      | Reached skill level 2 in Fighting
  2207 | D:3      | Learned a level 2 spell: Scorch
  2268 | D:3      | Learned a level 3 spell: Conjure Flame
  2346 | D:3      | Reached XP level 4. HP: 42/42 MP: 5/8
  2389 | D:3      | Noticed Terence
  3538 | D:3      | Found a glowing silver altar of Zin.
  3609 | D:3      | Reached XP level 5. HP: 43/50 MP: 10/10
  3894 | D:3      | Killed Terence
  3899 | D:3      | Reached skill level 3 in Fighting
  4325 | D:4      | Reached XP level 6. HP: 50/61 MP: 3/12
  4483 | D:4      | Found a hazy altar of Hepliaklqana.
  4570 | D:4      | Noticed Natasha
  4574 | D:4      | Killed Natasha
  4756 | D:4      | Noticed Natasha
  4761 | D:4      | Killed Natasha
  4976 | D:5      | Entered Level 5 of the Dungeon
  5105 | D:5      | Reached skill level 4 in Fighting
  5179 | D:5      | Reached XP level 7. HP: 67/71 MP: 4/13
  5767 | D:5      | Reached skill level 5 in Fighting
  5767 | D:5      | Reached skill level 5 in Spellcasting
  6096 | D:5      | Reached XP level 8. HP: 81/81 MP: 6/16
  6350 | D:5      | Reached skill level 5 in Fire Magic
  6519 | D:5      | Reached skill level 6 in Fighting
  7591 | D:5      | Reached skill level 7 in Fighting
  7850 | D:5      | Reached skill level 5 in Conjurations
  7850 | D:5      | Reached XP level 9. HP: 63/93 MP: 9/18
  8431 | D:6      | Found the +5 robe of Night {Dark Will+ SInv}
  8731 | D:6      | Learned a level 4 spell: Flame Wave
  8762 | D:7      | Noticed Joseph
  8968 | D:7      | Found a staircase to the Ecumenical Temple.
  8979 | Temple   | Entered the Ecumenical Temple
  9248 | D:7      | Reached skill level 8 in Fighting
 10088 | D:7      | Killed Joseph
 10128 | D:7      | Reached XP level 10. HP: 90/106 MP: 6/22
 10242 | D:7      | Reached skill level 9 in Fighting
 10883 | D:7      | Found a radiant altar of Vehumet.
 10891 | D:7      | Found an ornate altar of the Wu Jian Council.
 12225 | D:8      | Noticed a gargoyle
 12230 | D:8      | Killed a gargoyle
 12231 | D:8      | Reached skill level 10 in Fighting
 12428 | D:7      | Slain by an orc warrior

Illustrated notes

Levels and vault maps discovered:
D:1:      giann_bridges, layout_basic,
          dreamdust_ecumenical_altar_angels_and_demons
D:2:      minmay_roachtagon, layout_rooms, grunt_decor_mini_mirrors,
          minmay_misc_feat_tiny, kennysheep_another_room
D:3:      minmay_recursive_quarters, layout_loops_corners,
          mainiacjoe_overflow_catwalk, uniq_terence
D:4:      layout_gridville, mainiacjoe_overflow_surrounded_room, uniq_natasha
D:5:      layout_loops_corners
D:6:      layout_cave_pools
D:7:      layout_cave_pools, amethyst_overflow_temple_binary,
          minmay_temple_entry_gardened_gates, serial_gnoll_camp,
          gnoll_camp_mini_hut, gnoll_camp_mini_hut, gnoll_camp_mini_loothouse,
          gnoll_camp_mini_doghouse, gnoll_camp_mini_basic,
          gnoll_camp_mini_basic, minmay_fountain_box, uniq_joseph
D:8:      layout_gridville, erik_lair_island
Temple:   nicolae_temple_no_exploring_needed

Skill      XL: |  1  2  3  4  5  6  7  8  9 10 |
---------------+-------------------------------+-----
Conjurations   | 1 2 3 4 5 6 7 |  7.1
Fighting       | 1 2 3 4 5 7 8 10 | 10.1
Fire Magic     | 3 4 5 6 7 |  7.6
Spellcasting   | 3 4 5 6 8 |  8.9
Dodging        | |  1.7
Stealth        | |  1.4

Action                   |  1- 3 |  4- 6 |  7- 9 | 10-12 || total
-------------------------+-------+-------+-------+-------++-------
Melee: Glaive            |    31 |       |       |       ||    31
       Flail             |     1 |     1 |       |       ||     2
       Spear             |       |    78 |    57 |    30 ||   165
 Cast: Foxfire           |    74 |    88 |   232 |   124 ||   518
       Scorch            |       |     2 |    53 |    32 ||    87
       Flame Wave        |       |       |       |     2 ||     2
  Use: Scroll            |       |       |     2 |     6 ||     8
 Stab: Distracted        |       |     1 |       |       ||     1
Armor: Robe              |    17 |    36 |    49 |    40 ||   142
Dodge: Dodged            |    30 |    83 |   138 |    77 ||   328

Table legend: (Time is in decaauts)
 A = Elapsed time spent in this place.
 B = Non-inter-level travel time spent in this place.
 C = Inter-level travel time spent in this place.
 D = Time resting spent in this place.
 E = Time spent auto-exploring this place.
 F = Levels seen in this place.
 G = Mean time per level.
                   A        B        C        D        E       F      G
               +--------+--------+--------+--------+--------+-----+--------+
         Total |  12481 |  11991 |    490 |   3833 |   6371 |   9 | 1386.8 |
       Dungeon |  12455 |  11968 |    487 |   3833 |   6361 |   8 | 1556.9 |
        Temple |     25 |     22 |      3 |      0 |     10 |   1 |   25.0 |
               +--------+--------+--------+--------+--------+-----+--------+

Top non-repeatable levels by time:
     D:5: 2675 daAuts
     D:7: 2133 daAuts
     D:1: 1690 daAuts
     D:3: 1441 daAuts
     D:6: 1324 daAuts
     D:8: 1130 daAuts
     D:4: 1060 daAuts
     D:2: 999 daAuts
  Temple: 25 daAuts
